AoeStats
← Topi-Petteri

Arabia

508238776Analyzed
1v1 RM · 10d ago on Sep 21, 2026· 29m 13s· 2 players
Game mode
Random Map
Map size
Tiny (2 player)
Population
200
Speed
Normal
Resources
Standard
Victory
Conquest
Starting age
Dark Age
Ending age
Imperial Age
RankedLock teamsTeams togetherTeam positionsShared explorationLock speedFull tech treeHidden civsTurbo modeCheats
Victory
Defeat
🇫🇮 Poles · Finland
804
+17
🇹🇼 Jurchens · Taiwan
822
-17
Topi-Petteri
10:20 Feudal Age
8:55 Loom
11:18 Double-Bit Axe
11:28 Horse Collar
15:44 Scale Barding Armor
15:56 Forging
17:38 Bloodlines
18:59 Wheelbarrow
22:55 Scale Mail Armor
25:45 Castle Age
25:50 Pikeman
26:31 Squires
26:49 Chain Mail Armor
29:26 Chain Barding Armor
29:42 Iron Casting
Alaulan
1:43 Loom
12:40 Feudal Age
16:55 Castle Age
15:45 Double-Bit Axe
21:13 Pikeman
25:51 Scale Mail Armor
Connection lost

Rejoining the realm…

Still unreachable

The connection could not be restored.

Session expired

The server has moved on; the page needs a fresh start.